 Dungeon Crawl Stone Soup version 0.20.2-3-g29329e0561 (webtiles) character file.

83 Alfie the Covered (level 4, 0/40 HPs)
             Began as a Minotaur Fighter on Dec 16, 2020.
             Slain by an adder (3 damage)
             ... on level 3 of the Dungeon.
             The game lasted 00:03:20 (1293 turns).

Alfie the Covered (Minotaur Fighter)                Turns: 1293, Time: 00:03:21

Health: 0/40       AC:  7    Str: 21    XL:     4   Next: 22%
Magic:  3/3        EV:  7    Int:  5    God:
Gold:   81         SH:  9    Dex: 10    Spells: 3/3 levels left

rFire    . . .     SeeInvis .   a - +0 long sword
rCold    . . .     Gourm    .   c - +0 shield
rNeg     . . .     Faith    .   b - +0 scale mail
rPois    .         Spirit   .   (helmet restricted)
rElec    .         Reflect  .   (no cloak)
rCorr    .         Harm     .   (no gloves)
MR       .....                  (no boots)
Stlth    ..........             (no amulet)
Regen    0.2/turn               (no ring)
MPRegen  0.1/turn               (no ring)

@: lethally poisoned (0 -> -1)
A: retaliatory headbutt, horns 2
a: no special abilities


You were on level 3 of the Dungeon.
You were not hungry.

You visited 1 branch of the dungeon, and saw 3 of its levels.

You collected 81 gold pieces.

Inventory:

Hand Weapons
 a - a +0 long sword (weapon)
Armour
 b - a +0 scale mail (worn)
 c - a +0 shield (worn)
Jewellery
 j - a +3 ring of dexterity
 m - a +6 ring of strength {unknown}
 p - a cursed ring of teleportation {unknown}
 q - an uncursed amulet of rage
Scrolls
 e - 3 scrolls of remove curse
 r - a scroll of enchant armour {unknown}
Potions
 d - a potion of might
 h - a potion of lignification {unknown}
 k - a potion of heal wounds {unknown}
 n - 3 potions of mutation {unknown}
Comestibles
 f - 2 bread rations
 g - 2 meat rations


   Skills:
 + Level 4.2 Fighting
 + Level 3.1 Long Blades
 + Level 4.8 Armour
 + Level 0.4 Dodging
 + Level 4.2 Shields


You had 3 spell levels left.
You didn't know any spells.

Dungeon Overview and Level Annotations

Branches:
Dungeon (3/15)

Altars:
Makhleb
Qazlal


Innate Abilities, Weirdness & Mutations

You reflexively headbutt those who attack you in melee.
You have a pair of horns on your head.


Message History

The adder is moderately wounded.
You feel sick. The adder bites you.
* * * LOW HITPOINT WARNING * * *
You hit the adder. Your headbutt misses the adder.
The adder is heavily wounded.
You block the adder's attack. The adder bites you but does no damage.
The worker ant waves its antennae.
You closely miss the adder. Your headbutt misses the adder.
The adder is heavily wounded.
The adder bites you.
* * * LOW HITPOINT WARNING * * *
You block the adder's attack.
You slash the adder!
You kill the adder!
You feel sick. You block the adder's attack.
You closely miss the adder. Your headbutt misses the adder.
You block the adder's attack. The adder bites you.
* * * LOW HITPOINT WARNING * * *
You completely miss the adder. The adder bites you.
You die...

,,,........#,,,,,,,8,,,*,*,*****,
,,,.)......#,,,,,,,,,,,,,*,*****,
,,,........#,,,,,,,,,,,,,,,,,,,,,
,,,........#,,,,,,,,,,,***,*****,
,,,........+,,,,,,,,,,,,,,,* *,
,,,......r.#,,,,,,,,,,,***,*****,
,,,.......†#**********,,,,,,,,,,,
,,,........###########,****,****,
,,,.....<.harSgS@....#,* *,** *,
,,,........#########.#,* *,,* *,
,,,.........,,,,* *,*,* **,***,
,,,........##**,****,*,* *,,**,
,,,.........,,*,,,,*,,,*** **,**,
,,,........#*,***,,,,,,,,* *,,*,
,,,........#*,*,,,,,,,,,,* **,*,
,,,..$.....#*,*,,,,,,,,,,* *,,,
,,,,,,,,,,,**,*,,,,,,,,,,** **,,


You could see a worker ant, an adder, a jackal, a hobgoblin, a ball python and a
rat.

Vanquished Creatures
  4 adders
  An ooze (D:2)
  2 worms
  A leopard gecko (D:2)
  A giant cockroach (D:1)
  8 hobgoblins
  A jackal (D:3)
  A ball python (D:1)
  3 bats
  2 frilled lizards
  5 goblins
  4 kobolds
  6 rats
39 creatures vanquished.

Notes
Turn   | Place    | Note
-------+----------+-------------------------------------------
     0 | D:1      | Alfie the Minotaur Fighter began the quest for the Orb.
     0 | D:1      | Reached XP level 1. HP: 19/19 MP: 0/0
   216 | D:1      | Reached XP level 2. HP: 16/27 MP: 1/1
   689 | D:2      | Reached XP level 3. HP: 33/33 MP: 2/2
   944 | D:2      | Found a stormy altar of Qazlal.
   945 | D:2      | Found a burning altar of Makhleb.
  1195 | D:2      | Reached XP level 4. HP: 40/40 MP: 3/3
  1293 | D:3      | Slain by an adder

Skill      XL: |  1  2  3  4 |
---------------+-------------+-----
Armour         | 4 |  4.8
Fighting       | 4 |  4.2
Shields        | 4 |  4.2
Long Blades    | 3 |  3.1
Dodging        | |  0.4

Action                   |  1- 3 |  4- 6 || total
-------------------------+-------+-------++-------
Melee: Long sword        |    74 |    18 ||    92
       Headbutt          |     8 |       ||     8
  Use: Scroll            |       |     5 ||     5
  Eat: Royal jelly       |     1 |       ||     1
Armor: Scale mail        |    32 |    14 ||    46
Dodge: Dodged            |    26 |     7 ||    33
Block: Shield            |    42 |    18 ||    60
       Rpst.: Long sword |     8 |     1 ||     9
